 Dungeon Crawl Stone Soup version 0.31-a0-267-g3fc6992b3b (webtiles) character file.

Game seed: 11708326026960293688

5180 qw the Skirmisher (level 10, -3/64 HPs)
             Began as a Gargoyle Hexslinger on July 13, 2023.
             Was a Priest of Okawaru.
             Slain by a yak (10 damage)
             ... on level 10 of the Dungeon.
             The game lasted 00:03:26 (7965 turns).

qw the Skirmisher (Gargoyle Hexslinger)             Turns: 7965, Time: 00:03:27

Health: -3/64      AC: 17    Str: 13    XL:     10   Next: 60%
Magic:  12/13      EV: 16    Int: 16    God:    Okawaru [***...]
Gold:   77         SH:  0    Dex: 22    Spells: 10/11 levels left

rFire   + . .        Y - +1 arbalest
rCold   . . .        (shield currently unavailable)
rNeg    + . .        g - +0 ring mail of the Falcon {rPois Will++ Int+3 Stlth-}
rPois   inf          (no helmet)
rElec   +            e - +0 cloak
rCorr   .            n - +1 pair of gloves
SInv    .            (no boots)
Will    ++...        (no amulet)
Stlth   ++           i - +6 ring of dexterity
HPRegen 0.30/turn    k - ring of protection from fire
MPRegen 0.13/turn

%: no passive effects
@: heroic
A: sickness immunity, AC +7, negative energy resistance 1, electricity
resistance, torment resistance 1, petrification resistance
a: Renounce Religion, Heroism


You were on level 10 of the Dungeon.
You worshipped Okawaru.
Okawaru was most pleased with you.
You visited 2 branches of the dungeon, and saw 11 of its levels.

You collected 548 gold pieces.
You spent 471 gold pieces at shops.


Innate Abilities, Weirdness & Mutations

You are immune to sickness and miasma.
Your stone body is resilient. (AC +7)
You are immune to poison.
You resist negative energy. (rN+)
You are resistant to electric shocks. (rElec)
You are resistant to unholy torment.
You are immune to petrification.


   Skills:
 - Level 8.0(13.0) Fighting
 - Level 12.0(17.0) Ranged Weapons
 - Level 3.0(8.0) Armour
 + Level 3.8(8.8) Dodging
 - Level 1.0 Spellcasting
 - Level 2.6 Hexes
 - Level 4.0 Invocations


You had 10 spell levels left.
You knew the following spells:

 Your Spells              Type           Power      Damage    Failure   Level
a - Slow                  Hex            36%        N/A       14%         1

Your spell library contained the following spells:

 Spells                   Type           Power      Damage    Failure   Level
 Inner Flame              Hex/Fire       5%         N/A       58%         3
 Portal Projectile        Hex/Tloc       10%        N/A       58%         3
 Cause Fear               Hex            4%         N/A       82%         4

Inventory:

Hand Weapons
 Y - a +1 arbalest (weapon)
Armour
 b - a +3 ring mail
 e - a +0 cloak (worn)
 g - the +0 ring mail of the Falcon (worn) {rPois Will++ Int+3 Stlth-}
   (You found it on level 8 of the Dungeon)

   Int:       It affects your intelligence (+3).
   rPois:     It protects you from poison.
   Will:      It greatly increases your willpower.
   Stlth:     It makes you less stealthy.
 n - a +1 pair of gloves (worn)
Jewellery
 i - a +6 ring of dexterity (left hand)
 k - a ring of protection from fire (right hand)
Scrolls
 m - 4 scrolls of identify
 o - a scroll of teleportation
Potions
 a - 5 potions of enlightenment
 c - a potion of resistance
 d - a potion of cancellation
 f - a potion of might
 h - 4 potions of curing
 j - a potion of haste
 l - a potion of heal wounds

Dungeon Overview and Level Annotations

Branches:
Dungeon (10/15)            Temple (1/1) D:5
   Lair: D:8-11         Orc: D:9-12

Altars:
Ashenzari
Cheibriados
Dithmenos
Elyvilon
Fedhas
Gozag
Hepliaklqana
Kikubaaqudgha
Makhleb
Nemelex Xobeh
Okawaru
Qazlal
Ru
Sif Muna
Trog
Uskayaw
Vehumet
Wu Jian
Xom
Yredelemnul
Zin
The Shining One

Shops:
D:6 =   D:9 =*!=

Annotations:
D:7 2 transporters, qw's ghost, novice GrHs


Message History

You hear a bellow!
A wraith comes into view.
The wight misses you.
You shoot a bolt.
The bolt hits the wight but does no damage.
The wight is severely damaged.
The hell rat twitches its whiskers.
A river rat comes into view.
The yak gores you but does no damage. The yak closely misses you.
The wight barely misses you.
You shoot a bolt. The bolt hits the wight!
You destroy the wight!
Okawaru accepts your kill. The yak barely misses you. The yak misses you.
The wight misses you.
You shoot a bolt. The bolt completely misses the wight.
A death yak comes into view.
The yak closely misses you. The wight misses you.
You shoot a bolt. The death yak bellows!
The bolt hits the yak!
The yak is lightly wounded.
The yak barely misses you. The yak gores you!
The yak gores you but does no damage. The wight closely misses you.
You shoot a bolt. The bolt hits the yak!
The yak is severely wounded.
The yak gores you but does no damage. The yak closely misses you. x2
A death yak comes into view.
The yak closely misses you. The yak gores you but does no damage.
The yak misses you. The yak gores you.
A yak comes into view.
You shoot a bolt. The death yak bellows!
The bolt hits the yak but does no damage.
The yak is severely wounded.
The yak barely misses you.
A yak comes into view.
The yak barely misses you. The yak closely misses you.
The rat twitches its whiskers.
The death yak gores you! The yak gores you!
You die...

..............
........)..Y.
.........).)###
.........r.Y...
...........Y.
..WYr......
#+###YYYr....Y
#...#Y@Y..#
#...#..z..#
#...#.(...# .
#...'.....#
..#####.....#
............#
............###
..............##
#..######........


You could see 3 death yaks, 7 yaks, a wraith, a hell rat, a wight, a river rat
and a rat.

Vanquished Creatures
  Pikel (D:8)
  A wraith (D:8)
  A steam dragon (D:8)
  Edmund (D:6)
  Duvessa (D:6)
  2 black bears
  5 ice beasts
  A sky beast (D:5)
  2 orc warriors
  An ogre (D:4)
  A lemure (D:8)
  3 centaurs
  2 kobold brigands (D:7)
  2 gnoll sergeants
  2 bullfrogs
  3 scorpions
  18 wights
  11 killer bees
  Dowan (D:6)
  4 howler monkeys
  4 orc priests
  A jelly (D:5)
  A gnoll bouda (D:7)
  A hound (D:3)
  2 sleepcaps (D:6)
  An iguana (D:6)
  4 orc wizards
  14 gnolls
  8 adders
  4 shadow imps
  3 white imps
  5 worms
  5 dart slugs
  30 orcs
  8 ball pythons
  5 endoplasms
  3 giant cockroaches
  6 goblins
  10 hobgoblins
  4 quokkas
  7 bats
  A frilled lizard (D:3)
  9 kobolds
  5 rats
204 creatures vanquished.

Notes
Turn   | Place    | Note
-------+----------+-------------------------------------------
     0 | D:1      | qw the Gargoyle Hexslinger began the quest for the Orb.
     0 | D:1      | Reached XP level 1. HP: 12/12 MP: 2/2
     0 | D:1      | 0 ||| qw: Version: 0.3-a-52-g30416fa
     0 | D:1      | 0 ||| qw: Game counter: 7700
     0 | D:1      | 0 ||| qw: Melee chars always use a shield: true
     0 | D:1      | 0 ||| qw: God list: Okawaru
     0 | D:1      | 0 ||| qw: Allow faded altars: false
     0 | D:1      | 0 ||| qw: Do Orc after clearing Dungeon:15 true
     0 | D:1      | 0 ||| qw: Do second Lair branch before Depths: true
     0 | D:1      | 0 ||| qw: Lair rune preference: random
     0 | D:1      | 0 ||| qw: Goals: Normal
     0 | D:1      | 0 ||| PLANNING D:1-11
   176 | D:1      | Reached XP level 2. HP: 16/16 MP: 3/3
   263 | D:1      | Reached skill level 3 in Ranged Weapons
   468 | D:1      | HP: 4/16 [rat (2)]
   530 | D:1      | Found a faded altar of an unknown god.
   530 | D:1      | Noticed an ice devil
   717 | D:1      | 717 ||| UPGRADING to +0 pair of gloves.
   722 | D:1      | 722 ||| READING scroll labelled SERATAO HUSSE.
   725 | D:1      | 725 ||| READING scroll labelled SOATZO DEASCH.
   726 | D:1      | 726 ||| READING scroll labelled IMOS HOVYLONIK.
   727 | D:1      | 727 ||| DROPPING scroll of poison.
   768 | D:2      | Reached XP level 3. HP: 21/21 MP: 4/4
  1052 | D:2      | Reached XP level 4. HP: 23/26 MP: 5/5
  1228 | D:2      | Reached skill level 4 in Ranged Weapons
  1464 | D:2      | 1464 ||| UPGRADING to +0 cloak.
  1469 | D:2      | 1469 ||| UPGRADING to +0 ring mail.
  1479 | D:2      | 1479 ||| DROPPING +0 robe.
  1480 | D:2      | 1480 ||| UPGRADING to +6 ring of dexterity.
  1481 | D:2      | 1481 ||| READING scroll labelled TOINEOP FAORIA.
  1482 | D:2      | 1482 ||| READING scroll labelled WOITZE XEBBIOKH.
  1691 | D:3      | Reached skill level 1 in Armour
  1784 | D:3      | Reached XP level 5. HP: 30/30 MP: 6/6
  2162 | D:3      | 2162 ||| UPGRADING to +3 ring mail.
  2172 | D:3      | 2172 ||| DROPPING +0 ring mail.
  2173 | D:3      | 2173 ||| READING scroll labelled JARPHE QO ALADUH.
  2174 | D:3      | 2174 ||| READING scroll labelled ZYGHAENLUD.
  2175 | D:3      | 2175 ||| DRINKING 2 puce potions.
  2278 | D:4      | Noticed an ogre
  2282 | D:4      | Killed an ogre
  2283 | D:4      | Reached skill level 5 in Ranged Weapons
  2283 | D:4      | Reached XP level 6. HP: 13/35 MP: 7/7
  2454 | D:4      | Noticed a black bear
  2467 | D:4      | Killed a black bear
  2468 | D:4      | Reached skill level 3 in Fighting
  2749 | D:4      | Reached skill level 6 in Ranged Weapons
  2777 | D:4      | Found a broken altar of Ashenzari.
  3104 | D:4      | 3104 ||| DROPPING ring of wizardry.
  3105 | D:4      | 3105 ||| READING scroll labelled DECHYO FEFILO.
  3106 | D:4      | 3106 ||| READING scroll labelled SEOCAB RUUHARGH.
  3107 | D:4      | 3107 ||| READING 2 scrolls of identify.
  3107 | D:4      | 3107 ||| IDENTIFYING emerald potion
  3117 | D:5      | Entered Level 5 of the Dungeon
  3140 | D:5      | HP: 6/38 [gnoll sergeant/+0 trident (4)]
  3141 | D:5      | 3141 ||| READING 3 scrolls of teleportation.
  3142 | D:5      | HP: 1/38 [gnoll sergeant/+0 trident (6)]
  3144 | D:5      | Reached XP level 7. HP: 1/42 MP: 8/8
  3338 | D:5      | Found a staircase to the Ecumenical Temple.
  3339 | D:5      | 3339 ||| PLANNING TEMPLE
  3344 | Temple   | Entered the Ecumenical Temple
  3409 | Temple   | 3409 ||| PLANNING OKAWARU WORSHIP
  3643 | Temple   | Became a worshipper of Warmaster Okawaru
  3644 | Temple   | 3644 ||| PLANNING D:1-11
  3895 | D:5      | HP: 8/43 [gnoll/+0 halberd[a gnoll sergeant] (7)]
  3896 | D:5      | 3896 ||| READING 2 scrolls of teleportation.
  3900 | D:5      | Reached skill level 7 in Ranged Weapons
  3901 | D:5      | 3901 ||| READING scroll of teleportation.
  3902 | D:5      | HP: 3/43 [orc/+0 flail (7)]
  4004 | D:5      | 4004 ||| FLEEEEING.
  4014 | D:5      | 4014 ||| STAIRDANCE
  4340 | D:6      | Noticed Duvessa
  4343 | D:6      | Noticed Dowan
  4344 | D:6      | 4344 ||| Stepping ~*~*~tactically~*~*~ (outnumbered).
  4353 | D:6      | Killed Duvessa
  4354 | D:6      | Reached skill level 3 in Armour
  4362 | D:6      | HP: 10/43 [scorpion (1)]
  4363 | D:6      | 4363 ||| READING scroll of teleportation.
  4368 | D:6      | 4368 ||| FLEEEEING.
  4369 | D:6      | 4369 ||| FLEEEEING.
  4371 | D:6      | 4371 ||| FLEEEEING.
  4372 | D:6      | 4372 ||| FLEEEEING.
  4372 | D:6      | Found a shadowy altar of Dithmenos.
  4373 | D:6      | 4373 ||| STAIRDANCE
  4377 | D:5      | Reached * piety under Okawaru
  4507 | D:6      | 4507 ||| INVOKING Heroism.
  4516 | D:6      | Reached skill level 1 in Invocations
  4516 | D:6      | Reached XP level 8. HP: 20/48 MP: 6/9
  4518 | D:6      | 4518 ||| INVOKING Heroism.
  4626 | D:6      | 4626 ||| SWAPPING to +0 shortbow.
  4627 | D:6      | 4627 ||| DROPPING +1 sling of draining.
  4641 | D:6      | Reached skill level 3 in Invocations
  4753 | D:6      | 4753 ||| INVOKING Heroism.
  4768 | D:6      | 4768 ||| FLEEEEING.
  4769 | D:6      | 4769 ||| FLEEEEING.
  4770 | D:6      | 4770 ||| FLEEEEING.
  4771 | D:6      | 4771 ||| INVOKING Heroism.
  4778 | D:6      | 4778 ||| Stepping ~*~*~tactically~*~*~ (outnumbered).
  4781 | D:6      | 4781 ||| Stepping ~*~*~tactically~*~*~ (outnumbered).
  4787 | D:6      | Noticed Edmund
  4788 | D:6      | Reached skill level 8 in Ranged Weapons
  4797 | D:6      | 4797 ||| INVOKING Heroism.
  4824 | D:6      | Killed Edmund
  4852 | D:6      | 4852 ||| INVOKING Heroism.
  4868 | D:6      | Killed Dowan
  4982 | D:6      | Found a radiant altar of Vehumet.
  4983 | D:6      | 4983 ||| SWAPPING to +0 arbalest.
  4984 | D:6      | 4984 ||| DROPPING +0 shortbow.
  5010 | D:6      | Reached XP level 9. HP: 48/54 MP: 12/12
  5074 | D:6      | Found Goynat's Jewellery Emporium.
  5076 | D:6      | 5076 ||| SHOPLISTING +4 ring of slaying (1014 gold, have
                  | 283).
  5076 | D:6      | 5076 ||| SHOPLISTING amulet of reflection (390 gold, have
                  | 283).
  5076 | D:6      | 5076 ||| SHOPLISTING amulet of regeneration (390 gold, have
                  | 283).
  5076 | D:6      | 5076 ||| SHOPLISTING ring of ice (325 gold, have 283).
  5087 | D:6      | Reached skill level 9 in Ranged Weapons
  5306 | D:6      | 5306 ||| DRINKING 2 bubbling white potions.
  5307 | D:6      | 5307 ||| READING 4 scrolls of identify.
  5307 | D:6      | 5307 ||| IDENTIFYING murky cyan potion
  5308 | D:6      | 5308 ||| READING 3 scrolls of identify.
  5308 | D:6      | 5308 ||| IDENTIFYING yellow potion
  5309 | D:6      | 5309 ||| READING 2 scrolls of identify.
  5309 | D:6      | 5309 ||| IDENTIFYING inky potion
  5310 | D:6      | 5310 ||| DROPPING potion of brilliance.
  5359 | D:7      | Reached ** piety under Okawaru
  5360 | D:7      | Reached skill level 6 in Fighting
  5431 | D:7      | Reached skill level 3 in Dodging
  5545 | D:7      | Identified the +2 buckler of Kuroufeg {Str+3}
  5564 | D:7      | 5564 ||| FLEEEEING.
  5660 | D:7      | Found a transporter.
  5666 | D:7      | Found a transporter.
  5755 | D:7      | 5755 ||| INVOKING Heroism.
  5852 | D:7      | Noticed qw's ghost (novice GrHs)
  5855 | D:7      | Identified the amulet "Abuamm" {RegenMP Harm Fly rCorr
                  | Str-2}
  5859 | D:7      | 5859 ||| READING scroll labelled JIKHLU POTI.
  5860 | D:7      | 5860 ||| READING 3 scrolls of identify.
  5860 | D:7      | 5860 ||| IDENTIFYING fuming cyan potion
  5898 | D:8      | Identified the +0 ring mail of the Falcon {rPois Will++
                  | Int+3 Stlth-}
  5934 | D:8      | 5934 ||| INVOKING Heroism.
  5945 | D:8      | Reached skill level 10 in Ranged Weapons
  6005 | D:8      | 6005 ||| INVOKING Heroism.
  6022 | D:8      | 6022 ||| FLEEEEING.
  6045 | D:8      | Identified the +6 trident "Mifiot" {flame, Will+}
  6109 | D:8      | 6109 ||| INVOKING Heroism.
  6110 | D:8      | 6110 ||| Stepping ~*~*~tactically~*~*~ (cloud).
  6223 | D:8      | Found an opulent altar of Gozag.
  6567 | D:8      | 6567 ||| INVOKING Heroism.
  6653 | D:8      | 6653 ||| INVOKING Heroism.
  6659 | D:8      | Reached XP level 10. HP: 31/63 MP: 11/13
  6785 | D:8      | 6785 ||| Stepping ~*~*~tactically~*~*~ (outnumbered).
  6793 | D:8      | Noticed Pikel
  6803 | D:8      | Killed Pikel
  6804 | D:8      | Reached skill level 11 in Ranged Weapons
  7066 | D:8      | Found a snail-covered altar of Cheibriados.
  7098 | D:8      | 7098 ||| UPGRADING to +0 ring mail of the Falcon {rPois
                  | Will++ Int+3 Stlth-}.
  7108 | D:8      | 7108 ||| UPGRADING to +1 pair of gloves.
  7118 | D:8      | 7118 ||| DROPPING +0 pair of gloves.
  7119 | D:8      | 7119 ||| UPGRADING to ring of protection from fire.
  7186 | D:9      | Found Viygyar Kium's Jewellery Boutique.
  7193 | D:9      | 7193 ||| SHOPLISTING amulet of faith (640 gold, have 471).
  7193 | D:9      | 7193 ||| SHOPLISTING amulet of regeneration (480 gold, have
                  | 471).
  7193 | D:9      | 7193 ||| SHOPLISTING amulet of the acrobat (480 gold, have
                  | 471).
  7327 | D:9      | Found Hykaarch's Distillery.
  7339 | D:9      | 7339 ||| FLEEEEING.
  7388 | D:9      | Found Zeri's General Store.
  7402 | D:9      | 7402 ||| BUYING 2 potions of curing (66 gold).
  7402 | D:9      | Bought 2 potions of curing for 66 gold pieces
  7402 | D:9      | 7402 ||| BUYING 2 potions of enlightenment (110 gold).
  7402 | D:9      | Bought 2 potions of enlightenment for 110 gold pieces
  7402 | D:9      | 7402 ||| BUYING potion of cancellation (88 gold).
  7402 | D:9      | Bought a potion of cancellation for 88 gold pieces
  7402 | D:9      | 7402 ||| BUYING potion of enlightenment (55 gold).
  7402 | D:9      | Bought a potion of enlightenment for 55 gold pieces
  7402 | D:9      | 7402 ||| BUYING potion of enlightenment (55 gold).
  7402 | D:9      | Bought a potion of enlightenment for 55 gold pieces
  7435 | D:9      | 7435 ||| Stepping ~*~*~tactically~*~*~ (outnumbered).
  7437 | D:9      | 7437 ||| Stepping ~*~*~tactically~*~*~ (outnumbered).
  7439 | D:9      | 7439 ||| Stepping ~*~*~tactically~*~*~ (outnumbered).
  7443 | D:9      | Reached *** piety under Okawaru
  7493 | D:9      | Found Mitigh's Jewellery Emporium.
  7501 | D:9      | 7501 ||| SHOPLISTING +5 ring of evasion (504 gold, have
                  | 125).
  7501 | D:9      | 7501 ||| SHOPLISTING amulet of the Coward {Acrobat Str+4
                  | Int+2} (694 gold, have 125).
  7501 | D:9      | 7501 ||| SHOPLISTING ring "Helauc" {Str+6 Dex+5 SInv} (807
                  | gold, have 125).
  7501 | D:9      | 7501 ||| SHOPLISTING ring of positive energy (280 gold,
                  | have 125).
  7501 | D:9      | 7501 ||| SHOPLISTING ring of protection from cold (350
                  | gold, have 125).
  7501 | D:9      | 7501 ||| SHOPLISTING ring of see invisible (210 gold, have
                  | 125).
  7532 | D:9      | Reached skill level 12 in Ranged Weapons
  7852 | D:9      | 7852 ||| SHOPLISTING +6 shortbow of Odubb {freeze, rF+
                  | Dex+3 Stlth+} (760 gold, have 174).
  7852 | D:9      | 7852 ||| BUYING scroll of enchant weapon (97 gold).
  7852 | D:9      | Bought a scroll of enchant weapon for 97 gold pieces
  7852 | D:9      | 7852 ||| READING scroll of enchant weapon.
  7852 | D:9      | 7852 ||| ENCHANTING +0 arbalest.
  7916 | D:10     | Entered Level 10 of the Dungeon
  7956 | D:10     | 7956 ||| INVOKING Heroism.
  7957 | D:10     | Noticed a death yak
  7962 | D:10     | Noticed a death yak
  7964 | D:10     | Noticed a death yak
  7965 | D:10     | HP: 7/64 [death yak (16)]
  7965 | D:10     | Slain by a yak

Levels and vault maps discovered:
D:1:      lightli_arrival_statue_moat, layout_loops_ring,
          dreamdust_ecumenical_altar_sealed_demon
D:2:      layout_basic
D:3:      layout_basic
D:4:      layout_basic, grunt_ashenzari_visionary
          [grunt_ashenzari_visionary_shoals, grunt_ashenzari_visionary_spider],
          sigmund_army
D:5:      layout_cave_pools, minmay_temple_entry_hall
D:6:      layout_basic, fiery_altar_vehumet, grunt_dithmenos_smoke,
          serial_shops, nicolae_shop_gaudy_bauble, grunt_ministairs_3,
          uniq_duvessa, uniq_edmund
D:7:      layout_rooms, gammafunk_ghost_gnarly_gnolls, minmay_curled_crystal,
          kennysheep_path_1
D:8:      layout_loops_corners, kennysheep_mini_moat,
          nicolae_overflow_hidden_temple, uniq_pikel
D:9:      layout_basic, serial_shops, nicolae_inconvenience_store,
          nicolae_shop_industrial_runoff, shop, nicolae_shop_trees,
          minmay_misc_feat_chi
D:10:     layout_irregular_city, dpeg_lair_monsters, serial_shops,
          nicolae_square_shop
Temple:   minmay_temple_bridge_d

Skill      XL: |  1  2  3  4  5  6  7  8  9 10 |
---------------+-------------------------------+-----
Ranged Weapons | 3 4 5 6 7 8 10 12 | 12.0
Fighting       | 2 3 4 5 7 8 |  8.0
Armour         | 1 3 |  3.0
Dodging        | 2 3 |  3.8
Invocations    | 1 4 |  4.0
Spellcasting   | |  1.0
Hexes          | |  2.6

Action                     |  1- 3 |  4- 6 |  7- 9 | 10-12 || total
---------------------------+-------+-------+-------+-------++-------
   Fire: Sling             |   102 |   167 |   123 |       ||   392
         Shortbow          |       |       |    81 |       ||    81
         Arbalest          |       |       |   180 |   121 ||   301
 Invoke: Heroism           |       |       |    12 |     1 ||    13
    Use: Scroll            |     3 |     8 |     8 |     1 ||    20
         Potion            |       |     1 |     1 |       ||     2
 Armour: Robe              |    10 |    17 |       |       ||    27
         Ring mail         |       |    41 |   143 |    39 ||   223
  Dodge: Dodged            |    24 |    72 |   195 |    64 ||   355

Table legend:
 A = Non-vault XP
 B = Vault XP
 C = Vault XP percentage of total XP
 D = Non-vault monster count
 E = Vault monster count
 F = Vault count percentage of total count
                 A         B        C        D         E       F
            +---------+---------+-------+---------+---------+-------
      Total |    6206 |    1194 |  16.1 |     197 |       6 |   3.0
            +---------+---------+-------+---------+---------+-------
        D:1 |      33 |       0 |   0.0 |      18 |       0 |   0.0
        D:2 |      97 |       0 |   0.0 |      26 |       0 |   0.0
        D:3 |      76 |       0 |   0.0 |      17 |       0 |   0.0
        D:4 |     367 |       0 |   0.0 |      11 |       0 |   0.0
        D:5 |     437 |       0 |   0.0 |      24 |       0 |   0.0
        D:6 |    1209 |     521 |  30.1 |      19 |       5 |  20.8
        D:7 |     645 |       0 |   0.0 |      24 |       0 |   0.0
        D:8 |    1385 |     673 |  32.7 |      28 |       1 |   3.4
        D:9 |    1671 |       0 |   0.0 |      26 |       0 |   0.0
       D:10 |     286 |       0 |   0.0 |       4 |       0 |   0.0
            +---------+---------+-------+---------+---------+-------
